 Dungeon Crawl Stone Soup version 0.21.1-1-g345015f (webtiles) character file.

22 letownia2 the Magician (level 2, 0/19 HPs)
             Began as a Merfolk Wizard on Mar 11, 2018.
             Succumbed to an adder's poison
             ... on level 2 of the Dungeon.
             The game lasted 00:02:53 (506 turns).

letownia2 the Magician (Merfolk Wizard)              Turns: 506, Time: 00:02:54

Health: 0/19       AC:  2    Str:  7    XL:     2   Next: 91%
Magic:  2/6        EV: 13    Int: 17    God:
Gold:   60         SH:  0    Dex: 12    Spells: 4/7 levels left

rFire    + . .     SeeInvis .   l - +0 hunting sling
rCold    + . .     Gourm    .   (no shield)
rNeg     . . .     Faith    .   a - +0 robe
rPois    +         Spirit   .   b - +0 hat
rElec    +         Reflect  .   (no cloak)
rCorr    +         Harm     .   (no gloves)
MR       .....                  (no boots)
Stlth    ++........             (no amulet)
HPRegen  0.06/turn              (no ring)
MPRegen  0.10/turn              (no ring)

@: lethally poisoned (0 -> -10), resistant, hasted, very quick
A: change form in water, swift swim, stealthy swim
a: no special abilities


You were on level 2 of the Dungeon.
You were not hungry.

You visited 1 branch of the dungeon, and saw 2 of its levels.

You collected 60 gold pieces.

Inventory:

Hand Weapons
 j - a +0 mace
 l - a +0 hunting sling (weapon)
 o - a +0 short sword
Missiles
 m - 19 stones (quivered)
Armour
 a - a +0 robe (worn)
 b - a +0 hat (worn)
 g - a +0 leather armour
 p - a +2 hat
Wands
 n - a wand of iceblast (7)
Scrolls
 h - a scroll of identify {unknown}
 i - 2 scrolls of magic mapping {unknown}
Potions
 k - a potion of berserk rage {unknown}
Books
 c - a book of Minor Magic

   Spells                             Type                      Level
   a - Magic Dart                     Conjuration                  1
   b - Blink                          Translocation                2
   c - Call Imp                       Summoning                    2
   d - Slow                           Hexes                        2
   e - Conjure Flame                  Conjuration/Fire             3
   f - Mephitic Cloud                 Conjuration/Poison/Air       3
Comestibles
 d - 2 rations


   Skills:
 - Level 2.6 Dodging
 - Level 2.1 Stealth
 - Level 3.0 Spellcasting
 - Level 1.7 Conjurations
 + Level 1.9 Summonings
   Level 0.7 Translocations


You had 4 spell levels left.
You knew the following spells:

 Your Spells              Type           Power        Failure   Level  Hunger
a - Magic Dart            Conj           #...         9%          1    None
i - Call Imp              Summ           #.......     12%         2    ##.....


Dungeon Overview and Level Annotations

Branches:
Dungeon (2/15)

Altars:
Hepliaklqana


Message History

The adder poisons you!
Your crimson imp blinks!
Unknown command.
* * * LOW HITPOINT WARNING * * *
You feel sick.
Your crimson imp blinks!
Unknown command.
Unknown command.
It was a potion of haste.
You feel yourself speed up.
* * * LOW HITPOINT WARNING * * *
You feel sick. The adder barely misses you. The adder closely misses you.
Your white imp hits the adder.
Your white imp freezes the adder.
Okay, then.
* * * LOW HITPOINT WARNING * * *
You feel sick.
Unknown command.
Unknown command.
It was a potion of resistance.
You feel protected.
You die...

.. .. .## #. #.## 5... #. %.
... ##....# #. ..... ###....#
## #>.#. #.5.#..# ## #
.†#.#####S####.########. ##.
#.#..##................<
#<..###.##...@...###.#########
..#..........##### #># #
............### #.# #
#...#).##...# #.# ###### ..
##.####.### #(####.(.(.
.#.###..###...####(((.).####
......#.#......(..(.##### #
##.##.._..#####...#.# #
##.####.#### ###...## #


You could see an adder, a friendly crimson imp and a friendly white imp.

Vanquished Creatures
  2 goblins
  4 hobgoblins
  4 kobolds
  2 frilled lizards
  3 rats
15 creatures vanquished.

Vanquished Creatures (collateral kills)
  An adder (D:2)
  A goblin (D:2)
2 creatures vanquished.

Grand Total: 17 creatures vanquished

Notes
Turn   | Place    | Note
-------+----------+-------------------------------------------
     0 | D:1      | letownia2 the Merfolk Wizard began the quest for the Orb.
     0 | D:1      | Reached XP level 1. HP: 13/13 MP: 4/4
    38 | D:1      | Reached skill level 1 in Conjurations
   175 | D:2      | Reached XP level 2. HP: 19/19 MP: 3/6
   186 | D:2      | Learned a level 2 spell: Call Imp
   275 | D:2      | Found a hazy altar of Hepliaklqana.
   506 | D:2      | Succumbed to an adder's poison

Skill      XL: |  1 |
---------------+----+-----
Conjurations   | 1 |  1.7
Dodging        | |  2.6
Stealth        | |  2.1
Spellcasting   | |  3.0
Summonings     | |  1.9
Translocations | |  0.7

Action                   || total
-------------------------++-------
Melee: Mace              ||     6
       Unarmed           ||     2
 Fire: Hunting sling     ||     5
 Cast: Magic Dart        ||    35
       Call Imp          ||     3
  Use: Potion            ||     2
Armor: Robe              ||     2
Dodge: Dodged            ||    21
